 Dungeon Crawl Stone Soup version 0.30.0-19-g36f170ea60 (webtiles) character file.

Game seed: 14853496745535128360

77194 wingedge the Destroyer (level 14, -11/115 HPs)
             Began as a Demigod Conjurer on May 29, 2023.
             Shot with an arrow by a centaur warrior (21 damage)
             ... on level 13 of the Dungeon.
             The game lasted 01:31:33 (29713 turns).

wingedge the Destroyer (Demigod Conjurer)          Turns: 29713, Time: 01:31:33

Health: -11/115    AC: 15    Str: 12    XL:     14   Next: 73%
Magic:  22/40      EV: 18    Int: 32    God:
Gold:   295        SH:  5    Dex: 18    Spells: 4/30 levels left

rFire   + + .        a - +9 great sword (elec)
rCold   + . .        (shield currently unavailable)
rNeg    + . .        U - +2 ring mail of Hoykkegoili {Rampage rF+ rC+}
rPois   +            B - +2 helmet {SInv}
rElec   +            K - +0 cloak
rCorr   .            g - +2 pair of gloves
SInv    +            (no boots)
Will    +....        e - amulet of Elug {Reflect Rampage rElec Dex+6 SH+5}
Stlth   ++           u - ring "Gynutati" {rPois rF+ rN+ MP+9}
HPRegen 0.39/turn    Q - +5 ring of evasion
MPRegen 0.27/turn

%: reflection, rampage
@: studying Transmutations
A: high MP 1, forlorn, divine attributes
a: no special abilities


You were on level 13 of the Dungeon.
You visited 3 branches of the dungeon, and saw 20 of its levels.
You also visited: Gauntlet.

You collected 2081 gold pieces.
You spent 1786 gold pieces at shops.

Inventory:

Hand Weapons
 a - a +9 great sword of electrocution (weapon)
 E - the +4 flail of Subterfuge {heavy, rC+ SInv}
   (You took it off a minotaur in a Gauntlet)

   rC:        It protects you from cold.
   SInv:      It lets you see invisible.
Missiles
 c - 41 poisoned darts (quivered)
 q - 4 throwing nets
Armour
 g - a +2 pair of gloves (worn)
 B - a +2 helmet of see invisible (worn)
 I - a +3 chain mail of cold resistance
 K - a +0 cloak (worn)
 R - a +2 kite shield of protection
 T - the +1 robe "Gip Saqa" {rCorr Int+4}
   (You found it in a Gauntlet)

   Int:       It affects your intelligence (+4).
   rCorr:     It protects you from acid and corrosion.
 U - the +2 ring mail of Hoykkegoili (worn) {Rampage rF+ rC+}
   (You bought it in a shop on level 2 of the Orcish Mines)

   rF:        It protects you from fire.
   rC:        It protects you from cold.
   Rampage:   It bestows one free step when moving towards enemies.
 W - a +2 robe of cold resistance
Magical Staves
 r - a staff of death
 V - a staff of fire
Jewellery
 e - the amulet of Elug (around neck) {Reflect Rampage rElec Dex+6 SH+5}
   (You acquired it on level 6 of the Dungeon)

   [amulet of reflection]

   It reflects blocked missile attacks.
   Dex:       It affects your dexterity (+6).
   rElec:     It insulates you from electricity.
   SH:        It affects your SH (+5).
   Rampage:   It bestows one free step when moving towards enemies.
 m - a ring of see invisible
 s - a ring of protection from fire
 u - the ring "Gynutati" (left hand) {rPois rF+ rN+ MP+9}
   (You found it in a Gauntlet)

   [ring of poison resistance]

   rF:        It protects you from fire.
   rPois:     It protects you from poison.
   rN:        It protects you from negative energy.
   MP:        It affects your magic capacity (+9).
 G - a ring of ice
 N - a +6 ring of intelligence
 O - a ring of protection from fire
 Q - a +5 ring of evasion (right hand)
Wands
 j - a wand of polymorph (16)
 o - a wand of flame (35)
 v - a wand of mindburst (36)
 y - a wand of digging (7)
 C - a wand of iceblast (14)
Scrolls
 f - 3 scrolls of silence
 h - 5 scrolls of enchant weapon
 l - 7 scrolls of teleportation
 t - 2 scrolls of vulnerability
 x - a scroll of immolation
 z - a scroll of poison
 L - a scroll of summoning
 M - 4 scrolls of fear
 P - a scroll of fog
Potions
 b - 3 potions of magic
 d - 4 potions of might
 i - 3 potions of attraction
 k - 8 potions of curing
 n - 4 potions of haste
 p - 3 potions of flight
 w - 2 potions of lignification {unknown}
 A - 3 potions of cancellation
 D - a potion of heal wounds
 F - 3 potions of mutation
 H - 2 potions of invisibility
 J - a potion of brilliance {unknown}
 S - 2 potions of resistance


   Skills:
 - Level 8.0 Fighting
 + Level 7.6 Long Blades
 + Level 4.9 Armour
 - Level 5.0 Dodging
 - Level 3.0 Stealth
 + Level 8.8 Spellcasting
 + Level 12.7 Conjurations
 - Level 5.0 Hexes
 - Level 8.0 Air Magic
 + Level 12.2 Earth Magic


You had 4 spell levels left.
You knew the following spells:

 Your Spells              Type           Power      Damage    Failure   Level
a - Magic Dart            Conj           100%       1d8       1%          1
b - Searing Ray           Conj           100%       2d8       1%          2
c - Stone Arrow           Conj/Erth      100%       3d13      1%          3
d - Fulminant Prism       Conj/Hex       31%        3d16      1%          4
e - Arcjolt               Conj/Air       34%        1d44      2%          5
f - Iskenderun's Battles  Conj           77%        2d13      1%          5
g - Iron Shot             Conj/Erth      38%        9d8       7%          6

Your spell library contained the following spells:

 Spells                   Type           Power      Damage    Failure   Level
 Sandblast                Erth           100%       2d20      1%          1
 Momentum Strike          Conj/Tloc      100%       3d10      1%          2
 Passwall                 Tmut/Erth      43%        N/A       1%          2
 Dazzling Flash           Conj/Hex       100%       N/A       1%          3
 Mephitic Cloud           Conj/Pois/Air  55%        N/A       1%          3
 Tukima's Dance           Hex            46%        N/A       2%          3
 Vhi's Electric Charge    Tloc/Air       78%        N/A       4%          3
 Iskenderun's Mystic Bla  Conj/Tloc      53%        2d11      5%          4
 Inner Flame              Hex/Fire       30%        N/A       8%          3
 Blink                    Tloc           28%        N/A       11%         2
 Call Imp                 Summ           28%        N/A       11%         2
 Lesser Beckoning         Tloc           28%        N/A       11%         2
 Scorch                   Fire           28%        2d6       11%         2
 Ignite Poison            Fire/Tmut/Pois 14%        N/A       22%         3
 Ozocubu's Armour         Ice            14%        N/A       22%         3
 Volatile Blastmotes      Fire/Tloc      28%        2d12      22%         3
 Passage of Golubria      Tloc           14%        N/A       58%         4
 Irradiate                Conj/Tmut      26%        3d20      14%         5
 Metabolic Englaciation   Hex/Ice        15%        N/A       58%         5
 Yara's Violent Unravell  Hex/Tmut       15%        3d8       58%         5
 Starburst                Conj/Fire      26%        6d8       63%         6
 Blade Hands              Tmut           7%         N/A       90%         5
 Spellforged Servitor     Conj/Summ      26%        N/A       99%         7
 Simulacrum               Ice/Necr       7%         N/A       100%        6
 Dragon Form              Tmut           7%         N/A       100%        7
 Maxwell's Capacitive Co  Air            30%        ∞         100%        8


Dungeon Overview and Level Annotations

Branches:
Dungeon (13/15)            Temple (0/1) D:5            Lair (5/5) D:11
 Shoals (0/4) Lair:2       Spider (0/4) Lair:3        Slime (0/5) Lair:4
    Orc (2/2) D:9             Elf (0/3) Orc:2       Gauntlet (visited)
 Vaults: D:13-14

Shops:
D:1 *   D:6 [   D:8 *   D:9 :   D:11 =   Orc:2 ([(!

Portals:
Abyss: D:10

Annotations:
Lair:3 3 runed translucent doors, Kamelo's ghost, journeyman GrEE


Innate Abilities, Weirdness & Mutations

You have an increased reservoir of magic. (+10% MP)
You shall have no god before yourself.
Your divine heritage dramatically boosts your attributes as you level up.


Message History

The arrow hits you!!
* * * LOW HITPOINT WARNING * * *
The komodo dragon misses you. The wraith closely misses you.
The centaur warrior shoots an arrow.
The arrow hits you!!
* * * LOW HITPOINT WARNING * * *
You feel much better. The komodo dragon misses you.
The centaur warrior shoots an arrow.
You block the arrow with an invisible shield... and reflect it back!
The arrow hits the centaur warrior!!
You block the wraith's attack. The komodo dragon bites you!
* * * LOW HITPOINT WARNING * * *
The centaur warrior shoots an arrow.
The arrow hits you.
* * * LOW HITPOINT WARNING * * *
Your magical effects are unravelling.
You feel magically purged.
You feel yourself speed up.
The purple ugly thing gurgles horribly!
The centaur warrior shoots an arrow.
The arrow hits you!
* * * LOW HITPOINT WARNING * * *
The wraith hits you but does no damage. The komodo dragon closely misses you.
The centaur warrior shoots an arrow.
The arrow barely misses you. The wraith barely misses you.
Casting: Arcjolt (dangerous; 2% risk of failure)
Confirm with . or Enter, or press ? or * to list all spells.
Okay, then.
You feel much better.
The centaur warrior shoots an arrow.
The arrow hits you!
* * * LOW HITPOINT WARNING * * *
The komodo dragon bites you!!
* * * LOW HITPOINT WARNING * * *
You block the wraith's attack.
The centaur warrior shoots an arrow.
The arrow hits you but does no damage.
Casting: Arcjolt (dangerous; 2% risk of failure)
Confirm with . or Enter, or press ? or * to list all spells.
Electricity surges outward!
The wraith is struck by an electric surge!!
You destroy the wraith!
The komodo dragon is struck by an electric surge!!
You kill the komodo dragon!
The centaur warrior shoots an arrow.
The arrow hits you!!
You die...

,,,8,,,,**,,,,,*,*,,,*
,,,,,,,,,..##...,*****
,,,,,,,,,#......,*
,,,,*,,,,#......,*
,*,,*,,,,...8...**
,,,,,,,,........#
~~,,,,,,........##
~~~~,,,,.........###
~~,,,,,,........@#.###
~,,,,,,,...c...[.....##
,,,,,,,,..............#
,,,,,,,,......u.....###
~~~,,,,,..##.!..#.###
~~~~,,,,...#....###
~,~~,,*,.........##
~~~~,**,........$.## ******
~~~,***,#####..Z...#**,..,****


You could see a purple ugly thing and a centaur warrior.

Vanquished Creatures
  Rupert (Lair:3)
  A minotaur (Gauntlet)
  The ghost of belegose the Thaumaturge, a journeyman GrEE of Hepliaklqana (Orc:1)
  A hell beast (Gauntlet)
  5 hydras
  3 boulder beetles
  3 catoblepae
  5 two-headed ogres
  The ghost of Kamelo the Basher, a novice MiBe of Trog (D:10)
  A deep troll shaman (Lair:5)
  A tengu warrior (D:11)
  4 orc high priests
  9 death yaks
  The ghost of Irreverend the Grappler, a novice TrFi of Wu Jian (D:7)
  A skyshark (Lair:5)
  Pikel (D:8)
  2 oklob plants (D:11)
  6 orc knights
  2 manticores
  4 orc sorcerers
  4 cyclopes
  14 elephants
  A toenail golem (D:10)
  Joseph (D:7)
  3 merfolk sirens (Lair:2)
  12 centaur zombies (D:13)
  7 black mambas
  7 cane toads
  5 gargoyles
  2 unseen horrors (D:11)
  8 komodo dragons
  A rime drake (Lair:4)
  2 tengu conjurers
  5 trolls
  A merfolk (Lair:2)
  A polar bear (Lair:1)
  A hellwing (D:10)
  11 blink frogs
  A hornet (D:11)
  12 dream sheep (Lair:5)
  A meliai zombie (D:13)
  2 shadows
  3 wraiths
  51 yaks
  4 vampires
  A wyvern (Lair:3)
  3 basilisks
  2 steam dragons
  4 vampire mosquitoes (D:11)
  A large abomination (D:10)
  4 wargs
  A small abomination (D:10)
  9 water moccasins
  A hell hound (Gauntlet)
  An acid dragon (D:12)
  Duvessa (D:4)
  A swamp drake (D:9)
  2 ice beasts
  23 orc warriors
  A sky beast (D:6)
  9 ogres
  4 black bears
  2 centaurs
  22 wolves
  2 kobold brigands
  3 lemures (D:8)
  12 bullfrogs
  A gnoll sergeant (D:11)
  3 scorpions
  12 wights
  Dowan (D:4)
  A howler monkey (D:7)
  An electric eel (D:13)
  6 jellies
  4 hounds
  2 gnoll boudas
  18 orc priests
  2 sleepcaps
  4 iguanas
  27 orc wizards
  Natasha (thrice) (D:2)
  2 boggart zombies (D:13)
  27 gnolls
  6 adders
  A shadow imp (D:7)
  2 white imps
  2 ufetubi (D:5)
  2 worms (D:4)
  2 dart slugs
  98 orcs
  12 ball pythons
  11 endoplasms
  6 giant cockroaches
  6 goblins
  4 hobgoblins
  8 quokkas
  8 bats
  2 frilled lizards
  20 kobolds
  5 rats
  A fulminant prism (D:13)
632 creatures vanquished.

Vanquished Creatures (collateral kills)
  A komodo dragon (Lair:3)
1 creature vanquished.

Vanquished Creatures (others)
  80 fulminant prisms
80 creatures vanquished.

Grand Total: 713 creatures vanquished

Notes
Turn   | Place    | Note
-------+----------+-------------------------------------------
     0 | D:1      | wingedge the Demigod Conjurer began the quest for the Orb.
     0 | D:1      | Reached XP level 1. HP: 14/14 MP: 5/5
   268 | D:1      | Reached XP level 2. HP: 22/22 MP: 4/7
   369 | D:1      | Learned a level 2 spell: Searing Ray
   684 | D:1      | Found Cagolo's General Store.
   713 | D:1      | Bought a potion of degeneration for 11 gold pieces
   745 | D:1      | Reached skill level 1 in Fighting
  1040 | D:1      | Reached XP level 3. HP: 28/28 MP: 5/8
  1485 | D:2      | Noticed Natasha
  1487 | D:2      | Killed Natasha
  1575 | D:2      | Noticed Natasha
  1580 | D:2      | Killed Natasha
  1581 | D:2      | Reached skill level 1 in Air Magic
  1581 | D:2      | Reached XP level 4. HP: 36/36 MP: 4/10
  1754 | D:2      | Noticed Natasha
  1765 | D:2      | Killed Natasha
  2548 | D:3      | Reached XP level 5. HP: 38/41 MP: 7/12
  3110 | D:4      | Noticed Dowan
  3111 | D:4      | Noticed Duvessa
  3333 | D:4      | Noticed a black bear
  3343 | D:4      | Killed Dowan
  3344 | D:4      | Reached skill level 1 in Armour
  3355 | D:4      | Killed a black bear
  3356 | D:4      | Reached skill level 1 in Earth Magic
  3356 | D:4      | Reached XP level 6. HP: 40/50 MP: 2/14
  3470 | D:3      | Learned a level 3 spell: Stone Arrow
  3663 | D:4      | Killed Duvessa
  4179 | D:4      | Noticed a steam dragon
  4185 | D:4      | Killed a steam dragon
  4186 | D:4      | Reached XP level 7. HP: 57/57 MP: 2/15
  4362 | D:4      | You fall into a shaft and drop 2 floors!
  4655 | D:6      | Identified a scroll of acquirement
  4656 | D:6      | Acquired the amulet of Elug {Reflect Rampage rElec Dex+6
                  | SH+5}
  4693 | D:6      | Found Gad Kusu's Antique Armour Emporium.
  4709 | D:5      | Entered Level 5 of the Dungeon
  4711 | D:5      | Reached skill level 5 in Conjurations
  5729 | D:5      | Reached XP level 8. HP: 66/66 MP: 7/17
  5856 | D:5      | Found a staircase to the Ecumenical Temple.
  6431 | D:6      | Bought a glowing helmet for 157 gold pieces
  7069 | D:6      | Reached skill level 5 in Spellcasting
  7069 | D:6      | Reached skill level 5 in Earth Magic
  7869 | D:7      | Found a runed translucent gate.
  7870 | D:7      | Found a runed translucent gate.
  8170 | D:7      | Noticed Joseph
  8185 | D:7      | Killed Joseph
  8186 | D:7      | Reached XP level 9. HP: 32/71 MP: 0/20
  8808 | D:7      | Found a runed translucent gate.
  8809 | D:7      | Noticed Irreverend's ghost (novice TrFi)
  9303 | D:8      | Found Zin's Purification Station.
  9659 | D:8      | Noticed Pikel
  9672 | D:8      | Killed Pikel
 10003 | D:8      | Learned a level 4 spell: Fulminant Prism
 10031 | D:8      | Reached skill level 5 in Fighting
 10032 | D:8      | Reached skill level 1 in Hexes
 10554 | D:8      | Learned a level 5 spell: Arcjolt
 10865 | D:9      | Found Awkouck's Book Shoppe.
 11169 | D:9      | Reached XP level 10. HP: 66/81 MP: 15/22
 11266 | D:9      | Reached skill level 1 in Long Blades
 11380 | D:9      | Found a staircase to the Orcish Mines.
 11848 | D:10     | Entered Level 10 of the Dungeon
 12118 | D:10     | Noticed a boulder beetle
 12128 | D:10     | Killed a boulder beetle
 12129 | D:10     | Reached skill level 5 in Air Magic
 12471 | D:10     | Found a transporter.
 12471 | D:10     | Found a transporter.
 12486 | D:10     | Noticed Kamelo's ghost (novice MiBe)
 12867 | D:10     | Found a one-way gate to the infinite horrors of the Abyss.
 13215 | D:11     | Found Ritzes's Jewellery Shop.
 13224 | D:11     | Found a staircase to the Lair.
 13225 | D:11     | Noticed an oklob plant
 13225 | D:11     | Noticed an oklob plant
 13259 | D:11     | Reached skill level 5 in Hexes
 13432 | D:11     | Killed an oklob plant
 13434 | D:11     | Killed an oklob plant
 13629 | D:11     | Reached XP level 11. HP: 85/86 MP: 24/24
 14232 | D:11     | Noticed a tengu warrior
 14239 | D:11     | Killed a tengu warrior
 14589 | Lair:1   | Entered Level 1 of the Lair of Beasts
 14777 | D:9      | Bought a book of Power for 546 gold pieces
 14783 | D:9      | Learned a level 5 spell: Iskenderun's Battlesphere
 15281 | Lair:1   | Reached skill level 5 in Long Blades
 16117 | Lair:2   | Found a staircase to the Shoals.
 16479 | Lair:2   | Reached XP level 12. HP: 97/97 MP: 22/25
 16643 | Lair:2   | Noticed a five-headed hydra
 16649 | Lair:2   | Killed a five-headed hydra
 17810 | Lair:3   | Noticed an eight-headed hydra
 17820 | Lair:3   | Killed an eight-headed hydra
 18184 | Lair:3   | Found a hole to the Spider Nest.
 18443 | Lair:3   | Found a runed translucent gate.
 18444 | Lair:3   | Found a runed translucent gate.
 18444 | Lair:3   | Noticed Kamelo's ghost (journeyman GrEE)
 18446 | Lair:3   | Found a runed translucent gate.
 18526 | Lair:3   | Noticed Rupert
 18544 | Lair:3   | Killed Rupert
 18893 | Lair:4   | Noticed a seven-headed hydra
 18898 | Lair:4   | Killed a seven-headed hydra
 19073 | Lair:4   | Learned a level 6 spell: Iron Shot
 19113 | Lair:4   | Noticed a boulder beetle
 19161 | Lair:4   | Killed a boulder beetle
 19162 | Lair:4   | Reached skill level 10 in Conjurations
 19789 | Lair:4   | Noticed a four-headed hydra
 19796 | Lair:4   | Killed a four-headed hydra
 19990 | Lair:4   | Noticed a catoblepas
 19997 | Lair:4   | Killed a catoblepas
 20106 | Lair:4   | Found a staircase to the Slime Pits.
 20349 | Lair:5   | Entered Level 5 of the Lair of Beasts
 20355 | Lair:5   | Reached XP level 13. HP: 97/105 MP: 17/29
 21332 | Lair:5   | Reached skill level 5 in Dodging
 22294 | Lair:5   | Reached skill level 10 in Earth Magic
 23348 | Orc:1    | Entered Level 1 of the Orcish Mines
 23846 | Orc:1    | Found a runed translucent gate.
 23846 | Orc:1    | Found a runed translucent gate.
 23846 | Orc:1    | Found a runed translucent gate.
 23851 | Orc:1    | Noticed belegose's ghost (journeyman GrEE)
 23877 | Orc:1    | Killed belegose's ghost
 24265 | D:7      | Killed Irreverend's ghost
 24486 | D:10     | Killed Kamelo's ghost
 25110 | Orc:2    | Entered Level 2 of the Orcish Mines
 25305 | Orc:2    | Reached XP level 14. HP: 115/115 MP: 19/30
 25370 | Orc:2    | Found a staircase to the Elven Halls.
 26919 | Orc:2    | Found Cedghif's Distillery.
 26919 | Orc:2    | Found Noraigue's Antique Weapon Shoppe.
 27071 | Orc:2    | Found Valuis's Antique Armour Boutique.
 27071 | Orc:2    | Found Voasadwe's Weapon Shoppe.
 27077 | Orc:2    | Bought a potion of curing for 48 gold pieces
 27077 | Orc:2    | Bought a potion of flight for 48 gold pieces
 27077 | Orc:2    | Bought a potion of curing for 48 gold pieces
 27077 | Orc:2    | Bought a potion of mutation for 128 gold pieces
 27077 | Orc:2    | Bought a potion of resistance for 160 gold pieces
 27079 | Orc:2    | Bought a glowing hat for 280 gold pieces
 27079 | Orc:2    | Bought a heavily runed ring mail for 360 gold pieces
 27079 | Orc:2    | Identified the +2 ring mail of Hoykkegoili {Rampage rF+
                  | rC+} (You bought it in a shop on level 2 of the Orcish
                  | Mines)
 28725 | D:13     | Found a gate leading to a gauntlet.
 28744 | Gauntlet | Entered a Gauntlet
 28744 | Gauntlet | Found a transporter.
 28744 | Gauntlet | Found a transporter.
 28744 | Gauntlet | Found a transporter.
 28926 | Gauntlet | Found a transporter.
 28926 | Gauntlet | Found the +5 glaive of the Guard {elec, spectral, AC+5}
 28930 | Gauntlet | Found a transporter.
 28941 | Gauntlet | Found a transporter.
 28944 | Gauntlet | Found a transporter.
 28944 | Gauntlet | Found a transporter.
 28945 | Gauntlet | Found a transporter.
 28947 | Gauntlet | Found a transporter.
 28961 | Gauntlet | Found a transporter.
 28961 | Gauntlet | Found a transporter.
 29443 | Gauntlet | Identified the ring "Gynutati" {rPois rF+ rN+ MP+9}
 29500 | Gauntlet | Identified the +4 flail of Subterfuge {heavy, rC+ SInv}
 29658 | Gauntlet | Identified the +1 robe "Gip Saqa" {rCorr Int+4}
 29659 | Gauntlet | Got Vaavoof's Quarto of Embers
 29713 | D:13     | Shot with an arrow by a centaur warrior

Illustrated notes

Levels and vault maps discovered:
D:1:      psy_arrival_fountain, layout_rooms, hellmonk_ecumenical_altar_run_dry,
          serial_shops, nicolae_shop_window_shopping,
          minmay_misc_feat_four_crosses
D:2:      layout_loops_ring, basic_altar, uniq_natasha
D:3:      layout_rooms, lightli_temple_of_fire, minmay_misc_feat_more_columns
D:4:      layout_rooms, minmay_pentomino_pile, uniq_duvessa
D:5:      layout_loops_ring, nicolae_overflow_hallway_of_the_gods,
          minmay_temple_entry_enclosed_plants
D:6:      minmay_recursive_quarters, layout_layer_cave, kennysheep_mini_moat,
          mainiacjoe_overflow_surrounded_room, serial_shops, shop
D:7:      layout_basic, mainiacjoe_overflow_large_starburst,
          gammafunk_ghost_split, uniq_joseph
D:8:      layout_loops_ring, zin_purify, uniq_pikel
D:9:      layout_roguey, erik_orc_1, serial_shops, shop_fountains, special_room
          [special_room_orc], nicolae_sextant
D:10:     layout_gridville, gammafunk_ghost_abyssal_escape
D:11:     layout_irregular_city, dpeg_oklobed_lair, serial_shops, shop
D:12:     layout_irregular_city
D:13:     layout_cave_pools, serial_undead, serial_undead_b, serial_undead_a,
          serial_undead_f, serial_undead_f, serial_undead_e, serial_undead_d,
          serial_undead_f, serial_undead_f, gauntlet_entry_generic,
          kennysheep_slug_shrine
Lair:1:   layout_roguey, dreamdust_mushroom_princess, serial_bayou_shore_a,
          grunt_megastairs_1, serial_bayou_shore_b, serial_bayou_shore_b
Lair:2:   layout_regular_city, elwin_shoals_entry_stream
Lair:3:   layout_big_grid, dummy_spider_entry, gammafunk_ghost_split,
          uniq_rupert
Lair:4:   layout_roguey, dpeg_slime_entry_enclosed, basic_altar,
          nzn_masters_of_martial_movement
Lair:5:   grunt_lair_end_beastmaster, layout_cave_pods
Orc:1:    layout_caves, ebering_ghost_gozag, mines_bat_river
Orc:2:    grunt_orc_tribal_feast, layout_diamond_mine

Skill      XL: |  1  2  3  4  5  6  7  8  9 10 11 12 13 14 |
---------------+-------------------------------------------+-----
Stealth        | 2 3 |  3.0
Dodging        | 2 3 4 5 |  5.0
Spellcasting   | 2 3 4 5 6 8 |  8.8
Fighting       | 1 2 3 4 5 6 7 8 |  8.0
Conjurations   | 4 5 6 7 9 10 11 12 | 12.7
Air Magic      | 1 3 6 8 |  8.0
Armour         | 1 2 3 4 |  4.9
Earth Magic    | 1 2 3 5 6 7 11 12 | 12.2
Hexes          | 2 5 |  5.0
Long Blades    | 3 6 7 |  7.6

Action                     |  1- 3 |  4- 6 |  7- 9 | 10-12 | 13-15 || total
---------------------------+-------+-------+-------+-------+-------++-------
  Melee: Short sword       |       |    14 |       |       |       ||    14
         Flail             |       |    30 |    28 |       |       ||    58
         Dagger            |       |       |    31 |       |       ||    31
         Great sword       |       |       |    31 |   145 |   117 ||   293
         Falchion          |       |       |    14 |       |       ||    14
         Punch             |       |       |     1 |       |       ||     1
  Throw: Dart              |       |       |       |     6 |     1 ||     7
   Cast: Magic Dart        |    56 |    16 |     1 |    34 |    53 ||   160
         Searing Ray       |     9 |    32 |    12 |     1 |     1 ||    55
         Stone Arrow       |       |     9 |   137 |   106 |    62 ||   314
         Fulminant Prism   |       |       |     5 |    29 |    47 ||    81
         Arcjolt           |       |       |       |    34 |    51 ||    85
         Iskenderun's Batt |       |       |       |    15 |    30 ||    45
         Iron Shot         |       |       |       |     1 |    55 ||    56
  Evoke: Wand              |       |     1 |       |       |       ||     1
    Use: Scroll            |       |       |    14 |    16 |     5 ||    35
         Potion            |       |       |     1 |       |     6 ||     7
   Stab: Distracted        |       |       |     1 |     1 |       ||     2
         Sleeping          |       |       |       |     1 |     1 ||     2
 Armour: Robe              |     1 |    14 |       |       |       ||    15
         Ring mail         |       |    25 |    84 |   133 |   164 ||   406
  Dodge: Dodged            |     2 |    46 |    91 |   139 |   296 ||   574
  Block: Other             |       |       |    52 |    69 |    86 ||   207
         Reflection        |       |       |     7 |       |     5 ||    12
